 Dungeon Crawl Stone Soup version 0.23-a0-79-gaa8cc03 (webtiles) character file.

256 Amnesiac the Gusty (level 5, -4/35 HPs)
             Began as a Mummy Air Elementalist on Aug 11, 2018.
             Slain by an orc wizard
             ... wielding a +0 long sword
              (6 damage)
             ... on level 5 of the Dungeon.
             The game lasted 00:07:07 (1069 turns).

Amnesiac the Gusty (Mummy Air Elementalist)         Turns: 1069, Time: 00:07:08

Health: -4/35      AC:  2    Str: 11    XL:     5   Next: 92%
Magic:  3/12       EV: 12    Int: 16    God:
Gold:   115        SH:  0    Dex: 12    Spells: 9/13 levels left

rFire    x . .     SeeInvis .   (no weapon)
rCold    + . .     Gourm    .   (no shield)
rNeg     + + +     Faith    .   a - +0 robe
rPois    ∞         Spirit   .   (no helmet)
rElec    .         Reflect  .   (no cloak)
rCorr    .         Harm     .   (no gloves)
MR       .....                  (no boots)
Stlth    +.........             (no amulet)
HPRegen  0.11/turn              c - ring of attention (curse)
MPRegen  0.13/turn              (no ring)

@: very slightly contaminated
A: no food or potions, fire vulnerability, cold resistance 1, negative energy
resistance 3, torment resistance, unbreathing
a: no special abilities


You were on level 5 of the Dungeon.
You were not hungry.

You visited 1 branch of the dungeon, and saw 5 of its levels.

You collected 115 gold pieces.

Inventory:

Armour
 a - a +0 robe (worn)
Jewellery
 c - a cursed ring of attention (left hand)
Scrolls
 b - 2 scrolls of remove curse {!r}


   Skills:
 - Level 1.5 Dodging
 - Level 1.5 Stealth
 + Level 4.7 Spellcasting
   Level 0.7 Conjurations
 * Level 4.8 Air Magic


You had 9 spell levels left.
You knew the following spells:

 Your Spells              Type           Power        Failure   Level  Hunger
d - Airstrike             Air            ###.......   22%         4    N/A

Your spell library contained the following spells:

 Spells                   Type           Power        Failure   Level  Hunger
 Lightning Bolt           Conj/Air       ##........   80%         5    N/A
 Shock                    Conj/Air       ##..         4%          1    N/A
 Swiftness                Chrm/Air       ##......     9%          2    N/A
 Static Discharge         Conj/Air       ##......     16%         3    N/A

Dungeon Overview and Level Annotations

Branches:
Dungeon (5/15)
 Temple: D:4-7

Altars:


Innate Abilities, Weirdness & Mutations

You do not eat or drink.
Your flesh is vulnerable to fire.
You are immune to poison.
Your flesh is cold resistant. (rC+)
You are immune to negative energy. (rN+++)
You are immune to unholy pain and torment.
You can survive without breathing.


Message History

Unknown command.
Okay, then.
Really read
d - a scroll labeled XUCKUC DIOPP {!r}?
As you read the scroll labeled XUCKUC DIOPP {!r}, it crumbles to dust.
It is a scroll of amnesia.
Your memory of Shock unravels.
You are now empty-handed.
Really read
e - a scroll labeled KAGRACHUXYWN {!r}?
Blink to where?
Press: ? - help, Dir - move target cursor, p - phantom
As you read the scroll labeled KAGRACHUXYWN {!r}, it crumbles to dust.
It was a scroll of blinking {!r}.
A frilled lizard comes into view.
The frilled lizard hisses angrily.
You barely miss the frilled lizard. The frilled lizard bites you.
You completely miss the frilled lizard.
The frilled lizard bites you but does no damage.
The phantom blinks!
You barely miss the frilled lizard. The frilled lizard barely misses you.
You barely miss the frilled lizard. The frilled lizard bites you.
You hit the frilled lizard.
The frilled lizard is heavily wounded.
The frilled lizard barely misses you.
You hit the frilled lizard but do no damage.
The frilled lizard is heavily wounded.
The frilled lizard misses you.
You barely miss the frilled lizard.
The frilled lizard is heavily wounded.
The frilled lizard barely misses you.
The phantom blinks!
You completely miss the frilled lizard.
The frilled lizard is heavily wounded.
An orc wizard comes into view. It is wielding a long sword.
The frilled lizard barely misses you.
You hit the frilled lizard.
You kill the frilled lizard!
You hit the orc wizard.
The orc wizard is lightly wounded.
The orc wizard barely misses you.
Casting: Airstrike (slightly dangerous; 22% risk of failure)
Confirm with . or Enter, or press ? or * to list all spells.
You don't know that spell.
Unknown command.
Okay, then.
Okay, then.
Okay, then.
You can't drink.
Unknown command.
Wield which item (- for none, * to show all)? (? for menu, Esc to quit)
Okay, then.
Put on which piece of jewellery? (? for menu, Esc to quit)
Okay, then.
Memorise Shock, consuming 1 spell level and leaving 8?
The orc wizard barely misses you. The ice beast hits you.
The ice beast freezes you. You resist.
Your memorisation is interrupted.
Memorise Shock, consuming 1 spell level and leaving 8?
The orc wizard hits you with a long sword!
* * * LOW HITPOINT WARNING * * *
Your memorisation is interrupted.
The ice beast hits you.
* * * LOW HITPOINT WARNING * * *
The ice beast freezes you. You resist.
* * * LOW HITPOINT WARNING * * *
Memorise Shock, consuming 1 spell level and leaving 8?
The ice beast closely misses you.
The orc wizard hits you with a long sword.
You die...

. .# .# .# .#
.###################
...............Y@o.#
.........#########%#
.#.####..# #.# .#.#
#..# #.# .#.# #..#
#.# .#.# #..#
#####.# ##.# #..#
#.....# ##.# #.Y#
#.##### ...####†.#
#.#


You could see an ice beast and an orc wizard.

Vanquished Creatures
  A centaur (D:5)
  An ogre (D:2)
  A centaur skeleton (D:5)
  An iguana (D:4)
  An adder (D:2)
  An ooze (D:1)
  A giant cockroach (D:2)
  3 goblins (D:2)
  3 hobgoblins (D:2)
  4 jackals (D:5)
  2 kobolds
  A quokka (D:2)
  2 bats (D:2)
  4 frilled lizards
  2 rats
28 creatures vanquished.

Notes
Turn   | Place    | Note
-------+----------+-------------------------------------------
     0 | D:1      | Amnesiac the Mummy Air Elementalist began the quest for the Orb.
     0 | D:1      | Reached XP level 1. HP: 13/13 MP: 4/4
   108 | D:2      | Noticed an ogre
   121 | D:2      | Reached XP level 2. HP: 12/19 MP: 0/5
   170 | D:2      | Killed an ogre
   170 | D:2      | Reached XP level 3. HP: 18/24 MP: 1/8
   170 | D:2      | Reached XP level 4. HP: 23/30 MP: 1/9
   806 | D:4      | Reached XP level 5. HP: 35/35 MP: 5/11
   830 | D:5      | Entered Level 5 of the Dungeon
   836 | D:5      | Learned a level 4 spell: Airstrike
   886 | D:5      | Noticed a centaur
   896 | D:5      | Killed a centaur
  1028 | D:5      | Noticed a phantom
  1052 | D:5      | Noticed an ice beast
  1069 | D:5      | Slain by an orc wizard

Vault maps used:
D:1:      co_arrival_square_in_a_square_in_a_square
D:2:      first_ration
D:3:      uniq_jessica, uniq_terence
D:4:      minmay_surrounded

Skill      XL: |  1  2  3  4 |
---------------+-------------+-----
Spellcasting   | 3 4 |  4.7
Air Magic      | 3 4 |  4.8
Dodging        | |  1.5
Stealth        | |  1.5
Conjurations   | |  0.7

Action                   |  1- 3 |  4- 6 || total
-------------------------+-------+-------++-------
Melee: Unarmed           |       |    16 ||    16
 Cast: Shock             |    13 |    55 ||    68
       Airstrike         |       |     2 ||     2
  Use: Scroll            |       |     4 ||     4
Armor: Robe              |     2 |     7 ||     9
Dodge: Dodged            |     5 |    39 ||    44

Table legend:
 A = Non-vault XP
 B = Vault XP
 C = Vault XP percentage of total XP
 D = Non-vault monster count
 E = Vault monster count
 F = Vault count percentage of total count
 G = Total turns spent on level
                 A         B        C        D         E       F
            +---------+---------+-------+---------+---------+-------
      Total |     367 |       0 |   0.0 |      28 |       0 |   0.0
            +---------+---------+-------+---------+---------+-------
        D:1 |      10 |       0 |   0.0 |       3 |       0 |   0.0
        D:2 |     152 |       0 |   0.0 |      17 |       0 |   0.0
        D:4 |      35 |       0 |   0.0 |       1 |       0 |   0.0
        D:5 |     170 |       0 |   0.0 |       7 |       0 |   0.0
            +---------+---------+-------+---------+---------+-------
